 Dungeon Crawl Stone Soup version 0.18.1-5-g4a78601 (webtiles) character file.

72 esc the Firebug (level 4, -4/24 HPs)
             Began as a Deep Elf Fire Elementalist on May 12, 2016.
             Slain by a wight
             ... wielding a +2 halberd
              (17 damage)
             ... on level 3 of the Dungeon.
             The game lasted 00:04:09 (1936 turns).

esc the Firebug (Deep Elf Fire Elementalist)        Turns: 1936, Time: 00:04:10

Health: -4/24      AC:  4    Str:  5    XL:     4   Next: 6%
Magic:  3/11       EV: 14    Int: 21    God:
Gold:   92         SH:  0    Dex: 15    Spells: 3 memorised, 4 levels left

rFire  . . .     SeeInvis .     d - +1 short sword
rCold  . . .     Gourm    .     f - +2 robe {MR+}
rNeg   . . .     Faith    .     (no shield)
rPois  .         Spirit   .     (no helmet)
rElec  .         Dismiss  .     (no cloak)
rCorr  .         Reflect  .     (no gloves)
SustAt .         Harm     .     (no boots)
MR     +....                    (no amulet)
Stlth  ++........               (no ring)
                                o - +3 ring of slaying

@: somewhat resistant to hostile enchantments, unstealthy
A: no striking features
a: no special abilities


You were on level 3 of the Dungeon.
You were not hungry.

You visited 1 branch of the dungeon, and saw 3 of its levels.

You collected 92 gold pieces.

Inventory:

Hand Weapons
 d - a +1 short sword (weapon)
   (You took it off a kobold on level 1 of the Dungeon)
Missiles
 i - 34 stones (quivered)
Armour
 a - a +0 robe
 f - a +2 robe of magic resistance (worn)
   (You found it on level 1 of the Dungeon)
Jewellery
 o - a +3 ring of slaying (left hand)
   (You took it off a hobgoblin on level 2 of the Dungeon)
Scrolls
 h - a scroll of remove curse
 l - a scroll of teleportation
Potions
 e - 3 potions of flight {unknown}
 g - a potion of agility
 j - a potion of berserk rage {unknown}
 k - a potion of cancellation {unknown}
 m - a potion of degeneration {unknown}
 n - a potion of curing {unknown}
 p - a potion of brilliance {unknown}
Books
 b - a book of Flames
Comestibles
 c - 2 bread rations {@e1}


   Skills:
 + Level 0.8 Fighting
 + Level 3.6 Dodging
 - Level 2.4 Stealth
 + Level 3.5 Spellcasting
 + Level 2.1 Conjurations
 + Level 3.7 Fire Magic


You had 4 spell levels left.
You knew the following spells:

 Your Spells              Type           Power        Failure   Level  Hunger
a - Flame Tongue          Conj/Fire      ###..        4%          1    None
c - Conjure Flame         Conj/Fire      ###.....     14%         3    ###....
x - Throw Flame           Conj/Fire      ###...       8%          2    ##.....


Dungeon Overview and Level Annotations

Branches:
Dungeon (3/15)

Altars:


Message History

You now have 9/10 mp.
Aim: a jackal The flame tongue hits the jackal.
You kill the jackal!
The orc shouts!
You now have 8/10 mp.
Aim: an orc The flame tongue hits the orc.
You kill the orc!
You now have 7/10 mp.
A worm comes into view.
A hobgoblin comes into view.
Things that are here:
an orc corpse; a ball python corpse You butcher the orc corpse.
Things that are here:
3 chunks of flesh {@w0}; a ball python corpse You butcher the ball python corpse.
The hobgoblin shouts!
Things that are here:
3 chunks of flesh {@w0}; 2 chunks of flesh {@w0}; a ball python skeleton There isn't anything to butcher here.
Aim: a worm The flame tongue hits the worm.
The worm misses you.
You now have 7/10 mp.
Aim: a worm (lightly wounded)
The flame tongue hits the worm.
The hobgoblin closely misses you.
You now have 6/10 mp.
Aim: a worm (moderately wounded)
The flame tongue hits the worm.
The hobgoblin hits you but does no damage.
You now have 5/10 mp.
Aim: a worm (severely wounded)
The flame tongue misses the hobgoblin.
The flame tongue hits the worm.
You kill the worm!
You have reached level 4!
You feel clever. The hobgoblin closely misses you.
Health restored: 24 You now have 4/11 mp.
Aim: a hobgoblin The flame tongue misses the hobgoblin.
The hobgoblin barely misses you.
Aim: a hobgoblin The flame tongue hits the hobgoblin.
The hobgoblin appears unharmed.
The hobgoblin closely misses you.
The wight throws a stone.
The stone hits you.
You take 2 damage, and have 22/24 hp.
You now have 3/11 mp.
Aim: a hobgoblin The flame tongue hits the hobgoblin.
The hobgoblin closely misses you.
The wight throws a stone.
The stone barely misses you.
You now have 2/11 mp.
Aim: a hobgoblin (heavily wounded)
The flame tongue hits the hobgoblin.
The hobgoblin barely misses you.
The wight throws a stone.
The stone misses you.
You now have 1/11 mp.
Aim: a hobgoblin (severely wounded)
The flame tongue misses the hobgoblin.
The hobgoblin barely misses you.
The wight throws a stone.
The stone hits you.
You take 1 damage, and have 21/24 hp.
You now have 0/11 mp.
You hit the hobgoblin.
You kill the hobgoblin!
The wight throws a stone.
The stone hits you but does no damage.
You see here a hobgoblin corpse.
You butcher the hobgoblin corpse.
The wight throws a stone.
The stone hits you.
You see here a chunk of flesh {@w0}.
You take 2 damage, and have 20/24 hp.
You see here a worm corpse.
You butcher the worm corpse.
The wight throws a stone.
The stone hits you but does no damage.
Things that are here:
a stone; 2 chunks of flesh {@w0} The wight throws a stone.
The stone hits you.
Items here: %% ( รท a stone; 3 chunks of flesh {@w0}; 2 chunks of flesh {@w0} a ball python skeleton You take 2 damage, and have 18/24 hp.
The wight throws a stone.
The stone hits you.
You see here a stone.
You take 5 damage, and have 13/24 hp.
MASSIVE DAMAGE!!
A jackal comes into view.
A jackal comes into view.
A jackal comes into view.
The jackal barks!
A jackal comes into view.
The wight throws a stone.
The stone hits you.
A rat comes into view.
You see here a stone.
You take 1 damage, and have 13/24 hp.
The jackal bites you but does no damage.
The jackal barks!
The jackal completely misses you.
The jackal bites you but does no damage.
The jackal barely misses you.
A kobold comes into view. It is wielding a dagger.
The jackal misses you.
The rat twitches its whiskers.
The jackal bites you but does no damage.
The wight hits you from afar with an enchanted halberd!
Ouch! That really hurt!
You die...

........####....)....##
.. .....####
##h#........ .. ##(.####
##h##z...... #
#(....#####..#....... #
#%###............# ..
##(...........r..## z.
....#####.....z..## # ..
#.....###......hh.#..##.
#.
#...............@..K....
#.
..#......#.#..###.......
#. .........#.#...
...#.## . .##...........
.....# ####....#...#.
%.#### ##......#..# ..#
...#####.... .$#
...###...##. ..#
.......#


You could see 2 wights, 4 jackals, a kobold (sleeping) and a rat.

Vanquished Creatures
  3 adders (D:2)
  A worm (D:3)
  A giant gecko (D:2)
  An orc (D:3)
  2 ball pythons
  6 bats
  A giant cockroach (D:2)
  A goblin (D:2)
  5 hobgoblins
  5 jackals
  5 kobolds
  4 giant newts
  3 rats (D:2)
38 creatures vanquished.

Notes
Turn   | Place    | Note
--------------------------------------------------------------
     0 | D:1      | esc the Deep Elf Fire Elementalist began the quest for the Orb.
     0 | D:1      | Reached XP level 1. HP: 10/10 MP: 6/6
   549 | D:2      | Reached XP level 2. HP: 15/15 MP: 6/8
   687 | D:2      | Reached skill level 3 in Dodging
   715 | D:2      | Reached XP level 3. HP: 15/20 MP: 2/9
   884 | D:2      | Learned a level 2 spell: Throw Flame
   888 | D:2      | Learned a level 3 spell: Conjure Flame
  1891 | D:3      | Reached skill level 2 in Conjurations
  1905 | D:3      | Reached XP level 4. HP: 24/24 MP: 4/11
  1936 | D:3      | Slain by a wight

Skill      XL: |  1  2  3 |
---------------+----------+-----
Dodging        | 3 |  3.6
Conjurations   | 2 |  2.1
Fighting       | |  0.8
Stealth        | |  2.4
Spellcasting   | |  3.5
Fire Magic     | |  3.7

Action                   |  1- 3 |  4- 6 || total
-------------------------+-------+-------++-------
Melee: Unarmed           |     4 |       ||     4
       Short sword       |       |     1 ||     1
Throw: Stone             |     1 |       ||     1
 Cast: Flame Tongue      |    65 |     6 ||    71
  Use: Scroll            |     6 |       ||     6
  Eat: Fruit             |     3 |       ||     3
       Chunk             |     1 |       ||     1
Armor: Robe              |    15 |     5 ||    20
Dodge: Dodged            |    32 |    11 ||    43

Vault maps used:
D:1:      dpeg_arrival_round_a, minivault_5
D:2:      grunt_ministairs_8, grunt_decor_mini_mirrors
D:3:      first_bread

Table legend:
 A = Turns spent in this place as a percentage of turns spent in the entire game.
 B = Non-inter-level travel turns spent in this place as a percentage of non-inter-level travel turns spent in the entire game.
 C = Inter-level travel turns spent in this place as a percentage of turns spent in this place.
 D = Turns resting spent in this place as a percentage of non-inter-level travel turns spent in this place.
 E = Turns spent auto-exploring this place as a percentage of non-inter-level travel turns spent in this place.
 F = Non-inter-level travel turns spent in this place divided by the number of levels of this place that you've seen.
                   A       B       C       D       E      F
               +-------+-------+-------+-------+-------+----------------------
         Total | 100.0 | 100.0 |   0.5 |   2.4 |  13.6 | 125.0
       Dungeon | 100.0 | 100.0 |   0.5 |   2.4 |  13.6 | 125.0
               +-------+-------+-------+-------+-------+----------------------

Table legend:
 A = Kills in this place as a percentage of kills in entire the game.
 B = Kills by you in this place as a percentage of kills by you in the entire game.
 C = Kills by friends in this place as a percentage of kills by friends in the entire game.
 D = Other kills in this place as a percentage of other kills in the entire game.
 E = Experience gained in this place as a percentage of experience gained in the entire game.
 F = Experience gained in this place divided by the number of levels of this place that you have seen.
                   A       B       C       D       E      F
               +-------+-------+-------+-------+-------+----------------------
         Total | 100.0 | 100.0 |  -nan |  -nan | 100.0 |  34.3
       Dungeon | 100.0 | 100.0 |  -nan |  -nan | 100.0 |  34.3
               +-------+-------+-------+-------+-------+----------------------
